 Dungeon Crawl Stone Soup version 0.19.5 (webtiles) character file.

679 Keye the Destroyer (level 7, -9/37 HPs)
             Began as a Deep Elf Conjurer on May 7, 2017.
             Was an Initiate of Vehumet.
             Mangled by an orc warrior
             ... wielding a +0 hand axe
              (20 damage)
             ... on level 5 of the Dungeon.
             The game lasted 00:13:03 (4522 turns).

Keye the Destroyer (Deep Elf Conjurer)              Turns: 4522, Time: 00:13:04

Health: -9/37      AC:  2    Str:  7    XL:     7   Next: 34%
Magic:  0/13       EV: 13    Int: 20    God:    Vehumet [......]
Gold:   286        SH:  0    Dex: 15    Spells: 4 memorised, 2 levels left

rFire  . . .     SeeInvis .     (no weapon)
rCold  . . .     Gourm    .     a - +0 robe
rNeg   . . .     Faith    .     (no shield)
rPois  .         Spirit   .     (no helmet)
rElec  .         Reflect  .     (no cloak)
rCorr  .         Harm     .     (no gloves)
MR     +....                    (no boots)
Stlth  ++........               j - amulet of rage
                                (no ring)
                                f - ring of protection from magic

@: no status effects
A: no striking features
a: Renounce Religion, Evoke Berserk Rage


You were on level 5 of the Dungeon.
You worshipped Vehumet.
Vehumet was noncommittal.
You were hungry.

You visited 2 branches of the dungeon, and saw 7 of its levels.

You collected 286 gold pieces.

Inventory:

Armour
 a - a +0 robe (worn)
Jewellery
 f - a ring of protection from magic (left hand)
 j - an amulet of rage (around neck)
 w - an uncursed ring of resist corrosion {unknown}
Wands
 s - a wand of heal wounds (1/9)
 v - a wand of iceblast (10/15)
Scrolls
 d - a scroll of blinking
 e - 2 scrolls of teleportation {unknown}
 i - 4 scrolls of enchant weapon
 o - 3 scrolls of recharging {unknown}
 p - 3 scrolls of identify
 x - a scroll of remove curse
Potions
 g - a potion of berserk rage
 h - a potion of lignification
 k - 2 potions of cancellation {unknown}
 m - a potion of heal wounds {unknown}
 n - a potion of might {unknown}
 r - 2 potions of curing {unknown}
Books
 b - a book of Conjurations

   Spells                             Type                      Level
   a - Magic Dart                     Conjuration                  1
   b - Searing Ray                    Conjuration                  2
   c - Dazzling Spray                 Conjuration/Hexes            3
   d - Fulminant Prism                Conjuration/Hexes            4
   e - Iskenderun's Mystic Blast      Conjuration                  4
   f - Iskenderun's Battlesphere      Conjuration/Charms           5
Comestibles
 c - 4 bread rations
 l - 3 fruits
 q - 2 meat rations
 u - 2 royal jellies


   Skills:
 + Level 0.8 Fighting
 - Level 2.4 Dodging
 - Level 2.4 Stealth
 + Level 0.5 Unarmed Combat
 - Level 3.0 Spellcasting
 + Level 9.7 Conjurations


You had 2 spell levels left.
You knew the following spells:

 Your Spells              Type           Power        Failure   Level  Hunger
a - Magic Dart            Conj           ####         1%          1    None
b - Searing Ray           Conj           #####.       1%          2    ##.....
c - Iskenderun's Mystic   Conj           #####...     3%          4    ####...
d - Dazzling Spray        Conj/Hex       ###...       8%          3    ###....


Dungeon Overview and Level Annotations

Branches:
Dungeon (6/15)             Temple (1/1) D:4

Altars:
Ashenzari
Cheibriados
Dithmenos
Elyvilon
Hepliaklqana
Kikubaaqudgha
Makhleb
Nemelex Xobeh
Okawaru
Qazlal
Ru
Sif Muna
Trog
Uskayaw
Vehumet
Xom
Yredelemnul
The Shining One

Shops:
D:5 [


Message History

You are feeling hungry.
Casting: Magic Dart
Confirm with . or Enter, or press ? or * to list all spells.
Aiming: Magic Dart
Press: ? - help, Shift-Dir - straight line, f/p - orc warrior
Aim: an orc warrior, wielding a hand axe and wearing a plate armour (almost dead)
The magic dart hits the orc warrior.
The orc warrior is almost dead.
The orc warrior hits you with a hand axe.
* * * LOW HITPOINT WARNING * * *
Casting: Magic Dart
Confirm with . or Enter, or press ? or * to list all spells.
Aiming: Magic Dart
Press: ? - help, Shift-Dir - straight line, f/p - orc warrior
Aim: an orc warrior, wielding a hand axe and wearing a plate armour (almost dead)
The magic dart hits the orc warrior.
The orc warrior is almost dead.
The orc warrior hits you with a hand axe!!
Ouch! That really hurt!
You die...

#.................# #.####
#..>..............# #.....
#.................###########.
######.##.....................
##### ##.......#################.
....# #........########..>o<.....
....# #...............#.#########
....# #....[...######.#.#
....###........o@...#.#.#
...............####.#.#.#
...............# #.#.#.#
...............# #.#.#.#
.........##.#### #.#.#.#
#........'..# #.#.#o#########
#.#......##########.#.#..........
#.#.....#............∩..#########
#...###.#.###########.#..#


You could see an orc warrior.

Vanquished Creatures
  A black bear (D:4)
  A sky beast (D:4)
  An ogre (D:5)
  3 orc priests
  A hound (D:5)
  2 orc wizards
  Natasha (thrice) (D:2 D:4)
  A worker ant (D:5)
  5 adders
  An ooze (D:4)
  2 adder zombies (D:5)
  2 worms (D:3)
  3 dart slugs
  6 leopard geckos
  8 orcs
  6 giant cockroaches
  4 goblins
  4 hobgoblins
  4 jackals (D:1)
  9 kobolds
  2 quokkas
  3 bats
  6 frilled lizards
  5 rats
83 creatures vanquished.

Notes
Turn   | Place    | Note
-------+----------+-------------------------------------------
     0 | D:1      | Keye the Deep Elf Conjurer began the quest for the Orb.
     0 | D:1      | Reached XP level 1. HP: 10/10 MP: 6/6
   255 | D:1      | Reached XP level 2. HP: 15/15 MP: 6/8
   260 | D:1      | Learned a level 2 spell: Searing Ray
   300 | D:1      | Reached skill level 5 in Conjurations
   575 | D:2      | Noticed Natasha
   577 | D:2      | Noticed a crimson imp
   582 | D:2      | Killed Natasha
   582 | D:2      | Reached XP level 3. HP: 19/19 MP: 0/9
  1023 | D:2      | Reached skill level 6 in Conjurations
  1065 | D:2      | Reached XP level 4. HP: 24/24 MP: 6/10
  2163 | D:4      | Noticed Natasha
  2167 | D:4      | Killed Natasha
  2167 | D:4      | Reached skill level 7 in Conjurations
  2167 | D:4      | Reached XP level 5. HP: 28/28 MP: 5/11
  2176 | D:4      | Learned a level 4 spell: Iskenderun's Mystic Blast
  2180 | D:4      | Learned a level 3 spell: Dazzling Spray
  2453 | D:4      | Noticed a sky beast
  2460 | D:4      | Killed a sky beast
  2460 | D:4      | Reached skill level 8 in Conjurations
  2460 | D:4      | Reached XP level 6. HP: 23/32 MP: 4/12
  2973 | D:4      | Found a staircase to the Ecumenical Temple.
  2979 | Temple   | Entered the Ecumenical Temple
  3194 | Temple   | Became a worshipper of Vehumet
  3261 | D:4      | Noticed Natasha
  3265 | D:4      | Killed Natasha
  3652 | D:5      | Entered Level 5 of the Dungeon
  3777 | D:5      | Reached skill level 9 in Conjurations
  3780 | D:5      | Reached XP level 7. HP: 15/37 MP: 1/13
  4014 | D:5      | Found Posief's Armour Shoppe.
  4522 | D:5      | Mangled by an orc warrior

Skill      XL: |  1  2  3  4  5  6 |
---------------+-------------------+-----
Conjurations   | 5 6 7 8 9 |  9.7
Fighting       | |  0.8
Dodging        | |  2.4
Stealth        | |  2.4
Unarmed Combat | |  0.5
Spellcasting   | |  3.0

Action                   |  1- 3 |  4- 6 |  7- 9 || total
-------------------------+-------+-------+-------++-------
Melee: Unarmed           |     9 |       |       ||     9
 Cast: Magic Dart        |    57 |    90 |    33 ||   180
       Searing Ray       |     1 |     9 |     3 ||    13
       Dazzling Spray    |       |       |     2 ||     2
  Use: Scroll            |       |     7 |       ||     7
  Eat: Chunk             |       |     9 |     2 ||    11
Armor: Robe              |     6 |     2 |       ||     8
Dodge: Dodged            |    22 |    13 |     4 ||    39
